 Dungeon Crawl Stone Soup version 0.31-a0-1008-g5b978dac0e (webtiles) character file.

Game seed: 225761998413116165

6969 Jannitor the Trooper (level 10, 0/94 HPs)
             Began as an Armataur Delver on Nov 12, 2023.
             Was an Elder of the Shining One.
             Engulfed by a cloud of flame (22 damage)
             ... in a bailey.
             The game lasted 00:25:04 (11551 turns).

Jannitor the Trooper (Armataur Delver)             Turns: 11551, Time: 00:25:04

Health: 0/94       AC: 10    Str: 20 (22) XL:     10   Next: 81%
Magic:  11/13      EV: 10    Int:  5 (11) God:    the Shining One [****..]
Gold:   406        SH:  8    Dex: 15 (17) Spells: 9/9 levels left

rFire   . . .        u - +6 dire flail (freeze)
rCold   . . .        (shield currently unavailable)
rNeg    + + .        h - +1 scale mail {rPois}
rPois   +            (no helmet)
rElec   .            A - +0 cloak
rCorr   .            (no gloves)
SInv    .            (no barding)
Will    .....        (no amulet)
Stlth   +            f - +6 ring of dexterity
HPRegen 0.35/turn    (no ring)
MPRegen 0.13/turn

%: roll
@: divinely shielded, glowing, invisible (but backlit and visible)
A: large, rugged brown scales 3, deformed body, armoured tail, roll, long
tongue, awkward tongue
a: Renounce Religion, Divine Shield, Cleansing Flame


You were in a bailey.
You worshipped the Shining One.
The Shining One was greatly pleased with you.
You visited 2 branches of the dungeon, and saw 10 of its levels.
You also visited: Ossuary and Bailey.

You collected 579 gold pieces.
You spent 173 gold pieces at shops.

Inventory:

Hand Weapons
 a - a +0 mace
 p - a +0 flail of protection
 u - a +6 dire flail of freezing (weapon)
Missiles
 n - 2 throwing nets
 D - a curare-tipped dart
Armour
 b - a +1 leather armour
 h - a +1 scale mail of poison resistance (worn)
 k - a +0 scale mail
 q - a +0 buckler
 y - +0 acid dragon scales
 A - a +0 cloak (worn)
Jewellery
 f - a +6 ring of dexterity (left hand)
Wands
 g - a wand of digging (3)
Scrolls
 d - 5 scrolls of revelation
 e - 3 scrolls of noise
 j - a scroll of silence
 o - 2 scrolls of torment
 s - 3 scrolls of enchant armour
 w - a scroll of teleportation
 B - 3 scrolls of fog
Potions
 i - a potion of enlightenment
 l - a potion of might
 m - 6 potions of mutation
 r - a potion of haste
 v - 2 potions of cancellation
 x - a potion of lignification
 E - a potion of ambrosia


   Skills:
 + Level 7.7 Fighting
 + Level 7.4 Maces & Flails
 * Level 7.1 Armour
 - Level 5.2 Dodging
 - Level 5.8 Stealth
 - Level 7.0 Shields
 + Level 5.1 Invocations


You had 9 spell levels left.
You didn't know any spells.
Your spell library contained the following spells:

 Spells                   Type           Power      Damage    Failure   Level
 Apportation              Tloc           0%         N/A       80%         1
 Magic Dart               Conj           0%         1d3       80%         1
 Necrotise                Necr           0%         1d4       80%         1
 Summon Small Mammal      Summ           0%         N/A       80%         1
 Call Imp                 Summ           0%         N/A       90%         2
 Mephitic Cloud           Conj/Pois/Air  0%         N/A       99%         3


Dungeon Overview and Level Annotations

Branches:
Dungeon (9/15)             Temple (1/1) D:5            Lair (0/5) D:9
Ossuary (visited)          Bailey (1/1)
    Orc: D:9-12

Altars:
Ashenzari
Cheibriados
Dithmenos
Fedhas
Gozag
Hepliaklqana
Kikubaaqudgha
Okawaru
Qazlal
Ru
Sif Muna
Trog
Vehumet
Wu Jian
Xom
Yredelemnul
The Shining One

Shops:
D:2 =   D:5 *=[:[[[*   D:8 (

Annotations:
D:3 Sigmund
D:4 2 transporters, chipmonk's ghost, novice HOCK
D:5 exclusions: centaur and ice beast, Blork the orc


Innate Abilities, Weirdness & Mutations

You are completely covered in rugged brown scales. (AC +3, +7% HP)
Armour fits poorly on your strangely shaped body.
You have a long armoured tail.
You roll when moving toward enemies. (Rampage)
Your long tongue fully drains potion bottles. (2x potion effects)
Your tongue gives you trouble enunciating. (1.5x scroll delay)


Message History

The orc warrior no longer looks unusually strong.
The hobgoblin hits you with a +0 war axe!
The orc warlord roars a battlecry!
The orc warrior goes into a battle-frenzy!
The orc warrior closely misses you.
As you slowly read the scroll of immolation, it crumbles to dust.
The creatures around you are filled with an inner flame!
The hobgoblin hits you with a +0 war axe.
The orc warrior hits you with a +0 war axe!
Unknown command.
You puncture the hobgoblin! You freeze the hobgoblin.
The hobgoblin explodes!
The fiery explosion engulfs the gnoll!!
The fiery explosion engulfs the goblin!!
The fiery explosion engulfs you!!
* * * LOW HITPOINT WARNING * * *
The fiery explosion engulfs the orc warlord!!!
Flame seeps out of the orc warlord.
The orc warlord is heavily wounded.
The goblin explodes!
The fiery explosion engulfs the orc warlord!!
Flame seeps out of the orc warlord.
The orc warlord is severely wounded.
The fiery explosion engulfs the orc warrior!!
Flame seeps out of the orc warrior.
The orc warrior is almost dead.
The fiery explosion engulfs the goblin!!
The goblin explodes!
The fiery explosion engulfs the orc warrior!!!
The fiery explosion engulfs the orc!
The fiery explosion engulfs the orc warlord!
Flame seeps out of the orc warlord.
The orc warlord is almost dead.
The orc explodes!
The fiery explosion engulfs the orc warlord!!
The orc warlord explodes!
The orc warrior explodes!
The gnoll explodes!
The fiery explosion engulfs the orc warrior!!
The orc warrior explodes!
You are engulfed in blazing flames.
You die...

##.....## ##..)..##
##'####...........####)##
##.....##.........##.....##
#.......#.........#.......#
##.......##§§§§§§§##.......##
#.........# §§§§§ #.........#
##.........## §§§ ##.........##
#.....⌠.....###§###.....⌠.....#
##.........##88@88##.........##
#.........#..).o..#.).......#
##......)##.......##)......##
#......)))........'.......#
##.....##.......).##.....##
#######.....⌠.....#######
##.........## #.........#
##.......##


You could see an orc warrior (inner flame, strong).

Vanquished Creatures
  An orc warlord (Bailey)
  A dream sheep (shapeshifter) (D:8)
  5 yaks
  A vampire mosquito (D:8)
  3 wargs (D:8)
  An acid dragon (D:7)
  A water moccasin (D:7)
  12 orc warriors
  3 ice beasts
  2 ogres (D:5)
  5 black bears
  4 centaurs
  A phantom (D:5)
  A kobold brigand (D:5)
  5 bullfrogs
  2 scorpions (D:6)
  A water moccasin zombie (D:7)
  2 wyvern zombies (D:7)
  19 wights
  A killer bee (D:8)
  9 howler monkeys
  4 centaur zombies
  A human zombie (Ossuary)
  5 orc priests
  5 hounds
  A jelly (D:4)
  A sleepcap (D:6)
  7 orc wizards
  2 killer bee zombies (D:7)
  2 mummies (Ossuary)
  A howler monkey zombie (D:7)
  12 gnolls
  6 adders
  2 worms
  34 orcs
  6 ball pythons
  A bat (D:1)
  6 endoplasms
  7 giant cockroaches
  2 gnoll zombies (Ossuary)
  24 goblins
  15 hobgoblins
  13 jackals
  13 kobolds
  2 quokkas
  3 frilled lizards (D:3)
  4 goblin zombies
  3 hobgoblin zombies (Ossuary)
  4 orc zombies (Ossuary)
  10 rats
  A rat zombie (D:7)
277 creatures vanquished.

Vanquished Creatures (others)
  2 orc wizards
2 creatures vanquished.

Grand Total: 279 creatures vanquished

Notes
Turn   | Place    | Note
-------+----------+-------------------------------------------
     0 | D:5      | Jannitor the Armataur Delver began the quest for the Orb.
     0 | D:5      | Reached XP level 1. HP: 19/19 MP: 1/1
    27 | D:5      | Found Xejah's Distillery.
    31 | D:5      | Noticed a centaur
   135 | D:4      | Noticed a jelly
   295 | D:4      | Noticed an orc wizard
   430 | D:2      | Reached XP level 2. HP: 26/26 MP: 2/2
   687 | D:1      | Reached XP level 3. HP: 31/33 MP: 3/3
  1246 | D:1      | Found a faded altar of an unknown god.
  1791 | D:2      | Found Huvimp's Jewellery Shoppe.
  1879 | D:2      | Reached XP level 4. HP: 37/40 MP: 4/4
  2016 | D:2      | Reached skill level 1 in Shields
  2158 | D:2      | Found a bloodstained altar of Trog.
  2511 | D:3      | Noticed Sigmund
  2816 | D:3      | Reached XP level 5. HP: 44/48 MP: 5/5
  3475 | D:4      | Found a transporter.
  3486 | D:4      | Noticed chipmonk's ghost (novice HOCK)
  3489 | D:4      | Found a transporter.
  3638 | D:4      | Reached XP level 6. HP: 50/55 MP: 6/6
  4572 | D:5      | Noticed Blork the orc
  4657 | D:5      | Noticed an ice beast
  4670 | D:5      | Found a basalt altar of Yredelemnul.
  4695 | D:5      | Reached XP level 7. HP: 47/63 MP: 7/7
  4761 | D:5      | Found Giro's General Store.
  4832 | D:5      | Found a glowing golden altar of the Shining One.
  4834 | D:5      | Noticed an angel
  4839 | D:5      | Became a worshipper of the Shining One
  5072 | D:5      | Found Himewag's Book Shoppe.
  5074 | D:5      | Found Did Nuri's Armour Emporium.
  5076 | D:5      | Found Ligoi's Antique Armour Boutique.
  5077 | D:5      | Found Joabbuuc's Jewellery Boutique.
  5077 | D:5      | Found Xerycih's General Store.
  5090 | D:5      | Bought a +1 scale mail of poison resistance for 143 gold
                  | pieces
  5106 | D:5      | Bought a scroll of teleportation for 30 gold pieces
  5190 | D:5      | Found a staircase to the Ecumenical Temple.
  5229 | D:5      | Found Uphyrphacom's Armour Shop.
  5884 | D:5      | Reached skill level 5 in Fighting
  5884 | D:5      | Reached XP level 8. HP: 28/72 MP: 8/8
  6110 | Temple   | Entered the Ecumenical Temple
  6506 | D:6      | Reached skill level 5 in Shields
  6591 | D:6      | Reached skill level 5 in Maces & Flails
  7330 | D:7      | Reached * piety under the Shining One
  7351 | D:7      | Reached XP level 9. HP: 26/78 MP: 9/9
  7435 | D:7      | Found a sand-covered staircase.
  7446 | Ossuary  | Entered an ossuary
  7589 | Ossuary  | Reached ** piety under the Shining One
  7597 | Ossuary  | Reached skill level 1 in Invocations
  7769 | D:7      | Reached *** piety under the Shining One
  7845 | D:7      | Reached skill level 5 in Dodging
  8057 | D:7      | HP: 1/77 [wyvern zombie (4)]
  8058 | D:7      | Found an opulent altar of Gozag.
  8103 | D:7      | Identified the +8 chain mail of Ofarphopt {rPois Regen+
                  | Slay-3}
  8134 | D:7      | HP: 3/82 [ice beast (6)]
  8139 | D:7      | HP: 5/124 [hound (2)]
  8469 | D:7      | Reached skill level 1 in Armour
  9623 | D:8      | Found Kirghaef's Hydra Hut.
  9636 | D:8      | Noticed a five-headed hydra
  9756 | D:8      | Found a radiant altar of Vehumet.
  9756 | D:8      | Found an iron altar of Okawaru.
  9797 | D:8      | Found a bloodstained altar of Trog.
  9801 | D:8      | Found a shimmering blue altar of Sif Muna.
  9958 | D:8      | Reached XP level 10. HP: 55/89 MP: 12/12
 10177 | D:8      | Reached **** piety under the Shining One
 10360 | D:8      | Noticed a cyclops
 10476 | D:9      | Found a staircase to the Lair.
 10486 | D:9      | Noticed a two-headed ogre
 10491 | D:8      | Reached skill level 5 in Armour
 10975 | D:9      | Found a flagged portal.
 10983 | Bailey   | Entered a bailey
 11436 | Bailey   | Reached skill level 5 in Invocations
 11536 | Bailey   | Noticed an orc warlord
 11551 | Bailey   | Killed an orc warlord
 11551 | Bailey   | Engulfed by a cloud of flame

Illustrated notes

Levels and vault maps discovered:
D:1:      nicolae_arrival_somewhat_less_tricky_arrival, layout_loops_ring,
          dreamdust_ecumenical_altar_hidden_monk_grotto, minmay_quantized
D:2:      layout_loops_corners, serial_shops, nicolae_shop_gaudy_bauble,
          basic_altar
D:3:      layout_loops_ring, nrook_mini_vaults, uniq_sigmund
D:4:      layout_basic, gammafunk_ghost_arena, nicolae_half_adder
D:5:      layout_loops_corners, grunt_temple_overflow_holy_war, temple_pool_b,
          serial_shops, shop, shop, nicolae_shop_scrapyard, shop,
          nicolae_wooded_promenade, st_stairs_4, kennysheep_generic_room_10,
          uniq_blork_the_orc
D:6:      layout_loops_ring, feat_on_display
D:7:      layout_basic, mainiacjoe_overflow_tiny_flanked, enter_ossuary_4,
          serial_undead, serial_undead_b, serial_undead_a, serial_undead_f,
          serial_undead_d, serial_undead_a, serial_undead_d,
          nicolae_figureground_sparkle
D:8:      minmay_the_grid_octo_2x2 [minmay_the_grid_octo_horde,
          minmay_the_grid_octo_chip, minmay_the_grid_octo_concentric,
          minmay_the_grid_octo_prize_ultimate_mussel_roller], layout_gridville,
          hellmonk_overflow_destroyed_library,
          chequers_temple_overflow_minitemple, gammafunk_temple_overflow_statue,
          doesnt_shop_hydraphobe
D:9:      layout_cave_pods, erik_lair_orcish_takeover, enter_bailey_5,
          ebering_ghost_disaster_area, solitary_fountain
Temple:   hellmonk_temple_rainy
Bailey:   bailey_axe_minmay_hex_keep, bailey

Skill      XL: |  1  2  3  4  5  6  7  8  9 10 |
---------------+-------------------------------+-----
Maces & Flails | 2 3 4 5 6 7 |  7.4
Fighting       | 3 4 5 6 7 |  7.7
Dodging        | 2 3 4 5 |  5.2
Shields        | 1 2 3 4 5 7 |  7.0
Invocations    | 3 5 |  5.1
Armour         | 3 7 |  7.1
Stealth        | |  5.8

Action                     |  1- 3 |  4- 6 |  7- 9 | 10-12 || total
---------------------------+-------+-------+-------+-------++-------
  Melee: Mace              |    25 |       |       |       ||    25
         Tailslap          |    14 |    12 |    71 |    30 ||   127
         Punch             |     2 |       |       |       ||     2
         Flail             |   115 |   182 |   384 |       ||   681
         Dire flail        |       |       |    29 |   162 ||   191
 Invoke: Divine Shield     |       |       |     4 |     2 ||     6
  Evoke: Wand              |       |    14 |    16 |     3 ||    33
    Use: Scroll            |     4 |     5 |    11 |     8 ||    28
         Potion            |       |     2 |    10 |     4 ||    16
   Stab: Sleeping          |    11 |       |       |       ||    11
         Distracted        |       |     1 |       |       ||     1
 Armour: Leather armour    |    37 |       |       |       ||    37
         Scale mail        |    63 |   157 |   350 |   104 ||   674
         Skin              |       |       |    12 |     8 ||    20
  Dodge: Dodged            |    64 |    61 |   162 |    57 ||   344
  Block: Buckler           |     5 |    34 |   129 |       ||   168
         Other             |       |       |     1 |     8 ||     9

Table legend: (Time is in decaauts)
 A = Elapsed time spent in this place.
 B = Non-inter-level travel time spent in this place.
 C = Inter-level travel time spent in this place.
 D = Time resting spent in this place.
 E = Time spent auto-exploring this place.
 F = Levels seen in this place.
 G = Mean time per level.
                   A        B        C        D        E       F      G
               +--------+--------+--------+--------+--------+-----+--------+
         Total |  11710 |  11379 |    331 |   2851 |   6003 |  12 |  975.8 |
       Dungeon |  10875 |  10544 |    331 |   2501 |   5767 |   9 | 1208.3 |
        Temple |      1 |      1 |      0 |      0 |      0 |   1 |    1.0 |
       Ossuary |    266 |    266 |      0 |    123 |     67 |   1 |  266.0 |
        Bailey |    566 |    566 |      0 |    227 |    169 |   1 |  566.0 |
               +--------+--------+--------+--------+--------+-----+--------+

Top non-repeatable levels by time:
     D:7: 1920 daAuts
     D:5: 1655 daAuts
     D:4: 1592 daAuts
     D:8: 1534 daAuts
     D:2: 1175 daAuts
     D:6: 1138 daAuts
     D:1: 1003 daAuts
     D:3: 802 daAuts
  Bailey: 566 daAuts
 Ossuary: 266 daAuts
     D:9: 53 daAuts
  Temple: 1 daAuts
